 Dungeon Crawl Stone Soup version 0.24-a0-93-ge1bfdf8 (webtiles) character file.

Game seed: 15762682204323960844

996 MalarOregon the Chiller (level 8, 0/52 HPs)
             Began as a Merfolk Ice Elementalist on Feb 11, 2019.
             Was a Believer of Vehumet.
             Shot with an arrow by a centaur (12 damage)
             ... on level 5 of the Dungeon.
             The game lasted 00:18:08 (5856 turns).

MalarOregon the Chiller (Merfolk Ice Elementalist)  Turns: 5856, Time: 00:18:09

Health: 0/52       AC:  5    Str:  8    XL:     8   Next: 19%
Magic:  6/13       EV: 13    Int: 16    God:    Vehumet [**....]
Gold:   277        SH:  0    Dex: 15    Spells: 3/14 levels left

rFire    . . .     SeeInvis .   b - +0 dagger
rCold    . . .     Gourm    .   (no shield)
rNeg     + . .     Faith    .   a - +0 robe
rPois    .         Spirit   .   i - +1 helmet
rElec    .         Reflect  .   (no cloak)
rCorr    .         Harm     .   u - +0 pair of gloves
MR       .....                  (no boots)
Stlth    ++........             g - amulet of regeneration
HPRegen  0.57/turn              c - ring of positive energy
MPRegen  0.13/turn              (no ring)

@: no status effects
A: change form in water, swift swim, stealthy swim
a: Renounce Religion


You were on level 5 of the Dungeon.
You worshipped Vehumet.
Vehumet was pleased with you.
You were not hungry.

You visited 1 branch of the dungeon, and saw 5 of its levels.
You also visited: Sewer.

You collected 277 gold pieces.

Inventory:

Hand Weapons
 b - a +0 dagger (weapon)
   (You took it off a goblin on level 1 of the Dungeon)
Armour
 a - a +0 robe (worn)
 i - a +1 helmet (worn)
   (You took it off Robin on level 4 of the Dungeon)
 u - a +0 pair of gloves (worn)
   (You found it on level 4 of the Dungeon)
Jewellery
 c - a ring of positive energy (left hand)
   (You found it on level 2 of the Dungeon)
 g - an amulet of regeneration (around neck)
   (You found it on level 1 of the Dungeon)
Scrolls
 f - a scroll of enchant weapon {unknown}
 j - 6 scrolls of identify {unknown}
 l - a scroll of blinking {unknown}
 q - a scroll of enchant armour
 r - a scroll of fear {unknown}
 t - a scroll of immolation {unknown}
Potions
 d - a potion of brilliance {unknown}
 h - a potion of cancellation {unknown}
 k - a potion of resistance {unknown}
 m - 2 potions of curing {unknown}
 n - 4 potions of flight {unknown}
 o - a potion of heal wounds {unknown}
 p - a potion of might {unknown}
Comestibles
 e - 11 rations {!d}
 s - 3 chunks of flesh


   Skills:
 - Level 2.6 Dodging
 - Level 2.1 Stealth
 + Level 3.5 Spellcasting
 + Level 4.7 Conjurations
 + Level 7.8 Ice Magic


You had 3 spell levels left.
You knew the following spells:

 Your Spells              Type           Power        Failure   Level  Hunger
a - Freeze                Ice            ####         1%          1    None
c - Throw Icicle          Conj/Ice       ###.....     14%         4    ####...
d - Summon Ice Beast      Ice/Summ       ###.....     34%         4    ####...
x - Throw Frost           Conj/Ice       ###...       1%          2    ##.....

Your spell library contained the following spells:

 Spells                   Type           Power        Failure   Level  Hunger
 Conjure Flame            Conj/Fire      ##......     21%         3    ###....
 Ozocubu's Armour         Chrm/Ice       ###.....     11%         3    ###....


Dungeon Overview and Level Annotations

Branches:
Dungeon (5/15)
 Temple: D:4-7

Altars:
Ashenzari
Cheibriados
Hepliaklqana
Nemelex Xobeh
Okawaru
Ru
Vehumet

Annotations:
D:3 exclusion: bullfrog
D:4 Menkaure
D:5 Eustachio


Message History

You start resting.
You butcher the worker ant corpse.
s - 5 chunks of flesh (gained 3)
Found a scroll labeled DOTYENTU LIDAW.
A crimson imp comes into view.
The crimson imp shouts!
Aim: a crimson imp The puff of frost hits the crimson imp!
The crimson imp is frozen!
Aim: a crimson imp (severely wounded)
The puff of frost misses the crimson imp.
Aim: a crimson imp (heavily wounded)
The puff of frost hits the crimson imp!
The crimson imp is frozen!
You kill the crimson imp!
Vehumet accepts your kill.
You feel your power returning.
An ogre comes into view. It is wielding a +0 giant spiked club.
You can't see any susceptible monsters within range! (Use Z to cast anyway.)
A hound skeleton comes into view.
A centaur comes into view.
You see here a scroll labeled DOTYENTU LIDAW.
Aim: an ogre, wielding a +0 giant spiked club (hasn't noticed you)
Okay, then.
Aim: an ogre, wielding a +0 giant spiked club The puff of frost misses the ogre.
Aim: an ogre, wielding a +0 giant spiked club The puff of frost hits the ogre.
Aim: an ogre, wielding a +0 giant spiked club (lightly wounded)
You freeze the ogre.
The ogre hits you with a +0 giant spiked club!!
Ouch! That really hurt!
* * * LOW HITPOINT WARNING * * *
You hear a shout!
Some of the chunks of flesh in your inventory have rotted away.
The ogre completely misses you.
The centaur wields a +0 shortbow.
The centaur shoots an arrow.
The arrow barely misses you.
You see here an arrow.
The centaur shoots an arrow.
The arrow hits you!
* * * LOW HITPOINT WARNING * * *
Aim: an ogre, wielding a +0 giant spiked club (lightly wounded)
The puff of frost hits the ogre!
Eustachio the Magnificent comes into view.
He is wielding a +0 rapier.
Okay, then.
The ogre hits you with a +0 giant spiked club!!
* * * LOW HITPOINT WARNING * * *
As you read the scroll labeled ARUMAU JEPRUN, it crumbles to dust.
It is a scroll of enchant armour.
Your +0 helmet glows green for a moment.
Eustachio shouts!
The centaur shoots an arrow.
The arrow hits you!
You die...

####### #.....#######
###############..)........#
......(.......c...........#
#.....#########...........#
#...(.# #.O.........#
#..(..# ##@@........#
#..(..# #####..........#
#.....# ...............#
#..)..# #...............#
#.....# #...............#
#......# #.....#.........#
#......# #.....#..########
#......# #.....##.#
#......# ##.....##รท######


You could see Eustachio, an ogre and a centaur.

Vanquished Creatures
  A centaur (D:5)
  3 ogres
  A big kobold (Sewer)
  A vampire bat (D:4)
  A crimson imp (D:5)
  A centaur skeleton (D:4)
  2 iguanas (D:4)
  A bullfrog skeleton (D:5)
  5 worker ants
  Robin (D:4)
  5 adders
  3 river rats
  2 worms
  4 dart slugs
  3 fire bats (D:4)
  3 leopard geckos
  2 orcs
  A spectral bat (D:4)
  6 ball pythons
  17 bats
  3 bat skeletons (D:4)
  A bat zombie (D:4)
  3 giant cockroaches
  14 goblins
  11 hobgoblins
  10 jackals
  2 quokkas (D:3)
  A bat simulacrum (D:4)
  7 frilled lizards
  10 kobolds
  20 rats
145 creatures vanquished.

Vanquished Creatures (others)
  A spectral bat (D:4)
1 creature vanquished.

Grand Total: 146 creatures vanquished

Notes
Turn   | Place    | Note
-------+----------+-------------------------------------------
     0 | D:1      | MalarOregon the Merfolk Ice Elementalist began the quest
                  | for the Orb.
     0 | D:1      | Reached XP level 1. HP: 13/13 MP: 3/3
   271 | D:1      | Reached XP level 2. HP: 19/19 MP: 3/5
   274 | D:1      | Reached skill level 4 in Ice Magic
   766 | D:1      | Reached XP level 3. HP: 24/24 MP: 3/6
   770 | D:1      | Learned a level 2 spell: Throw Frost
   856 | D:1      | Reached skill level 1 in Conjurations
  1508 | D:2      | Found a radiant altar of Vehumet.
  1512 | D:2      | Became a worshipper of Vehumet
  1645 | D:2      | Reached XP level 4. HP: 26/30 MP: 0/7
  1675 | D:2      | Reached skill level 5 in Ice Magic
  1954 | D:2      | Found a sacrificial altar of Ru.
  2459 | D:2      | Found a sparkling altar of Nemelex Xobeh.
  2603 | D:3      | Learned a level 4 spell: Throw Icicle
  2613 | D:3      | Noticed a bullfrog
  2790 | D:3      | Reached XP level 5. HP: 22/35 MP: 0/8
  2810 | D:3      | Reached * piety under Vehumet
  2810 | D:3      | Offered knowledge of Sting by Vehumet.
  2825 | D:3      | Found a glowing drain.
  2839 | Sewer    | Entered a sewer
  2958 | Sewer    | Noticed a big kobold
  2982 | Sewer    | Killed a big kobold
  3057 | Sewer    | Found a white marble altar of Elyvilon.
  3310 | D:3      | Found a snail-covered altar of Cheibriados.
  3319 | D:3      | Reached XP level 6. HP: 41/41 MP: 6/9
  3332 | D:3      | Reached skill level 6 in Ice Magic
  3717 | D:4      | Noticed Robin
  3823 | D:4      | Killed Robin
  3856 | D:4      | Offered knowledge of Throw Flame by Vehumet.
  4101 | D:4      | Noticed Menkaure
  4160 | D:4      | Found a shattered altar of Ashenzari.
  4161 | D:4      | Found an iron altar of Okawaru.
  4202 | D:4      | Reached ** piety under Vehumet
  4282 | D:4      | Reached XP level 7. HP: 24/46 MP: 1/10
  4645 | D:4      | Reached skill level 7 in Ice Magic
  5203 | D:4      | Found a hazy altar of Hepliaklqana.
  5319 | D:5      | Entered Level 5 of the Dungeon
  5634 | D:5      | Reached XP level 8. HP: 52/52 MP: 4/12
  5709 | D:5      | Offered knowledge of Conjure Flame by Vehumet.
  5715 | D:5      | Learned a level 4 spell: Summon Ice Beast
  5852 | D:5      | Noticed Eustachio
  5856 | D:5      | Shot with an arrow by a centaur

Levels and vault maps discovered:
D:1:      matt_arrival_spirals, layout_basic, minmay_pentomino_u2
D:2:      layout_loops_corners, hangedman_ru_absence, overflow_temple_1_default,
          vehumet_crystals
D:3:      layout_loops_corners, portal_sewer_entry_e, cheibriados_altar_1
D:4:      layout_loops_ring, nicolae_overflow_hidden_temple, first_ration,
          goddamned_bats, uniq_robin, uniq_menkaure
D:5:      layout_basic, minmay_temple_entry_proselytizer, basic_altar,
          uniq_eustachio
Sewer:    sewer_kobolds

Skill      XL: |  1  2  3  4  5  6  7 |
---------------+----------------------+-----
Ice Magic      | 4 5 6 7 |  7.8
Conjurations   | 1 2 3 4 |  4.7
Spellcasting   | 3 |  3.5
Dodging        | |  2.6
Stealth        | |  2.1

Action                   |  1- 3 |  4- 6 |  7- 9 || total
-------------------------+-------+-------+-------++-------
Melee: Dagger            |     4 |   115 |    58 ||   177
       Tailslap          |       |     3 |       ||     3
Throw: Stone             |     5 |       |       ||     5
 Cast: Freeze            |    56 |   109 |    39 ||   204
       Throw Frost       |       |     6 |    30 ||    36
       Throw Icicle      |       |       |     2 ||     2
  Use: Scroll            |       |       |     1 ||     1
 Stab: Sleeping          |     3 |     3 |     2 ||     8
  Eat: Chunk             |     3 |    11 |     7 ||    21
Armor: Robe              |     3 |    26 |    63 ||    92
Dodge: Dodged            |    19 |   109 |   145 ||   273

Table legend:
 A = Non-vault XP
 B = Vault XP
 C = Vault XP percentage of total XP
 D = Non-vault monster count
 E = Vault monster count
 F = Vault count percentage of total count
                 A         B        C        D         E       F
            +---------+---------+-------+---------+---------+-------
      Total |    1044 |     379 |  26.6 |      93 |      52 |  35.9
            +---------+---------+-------+---------+---------+-------
        D:1 |      56 |       5 |   8.2 |      32 |       2 |   5.9
        D:2 |      70 |       0 |   0.0 |      22 |       0 |   0.0
        D:3 |      50 |      25 |  33.3 |      19 |      10 |  34.5
        D:4 |     443 |     208 |  32.0 |      11 |      29 |  72.5
        D:5 |     425 |       0 |   0.0 |       9 |       0 |   0.0
      Sewer |       0 |     141 | 100.0 |       0 |      11 | 100.0
            +---------+---------+-------+---------+---------+-------
